Map: Dusk Towers

Players

Lobo - Winner!

  • Race: Terran Terran
  • League: Master

Miszu

  • Race: Terran Terran
  • League: Master

VOD

Have the link to the VOD?

Description

Time

  • Played on: May 9, 2016, 5:21 p.m.
  • Length: 5:03
Show
View Real Time Build Order
Export as new Build Order

Lobo Terran - Winner!

Build Orders: Liberator Opening, Reaper Expand 

Get SALT Encoding   

  12  0:01  SCV  
  13  0:13  SCV  
  14  0:18  Supply Depot  
  14  0:25  SCV  
  15  0:40  SCV  
  15  0:41  Barracks  
  16  0:44  Refinery  
  16  0:52  SCV  
  18  1:04  SCV  
  18  1:16  SCV  
  19  1:30  Reaper, Orbital Command  
  20  1:42  Command Center  
  20  1:57  SCV  
  20  1:59  Supply Depot  
  21  2:11  Factory  
  21  2:14  Bunker, SCV  
  22  2:17  Marine  
  23  2:26  SCV  
  24  2:30  Refinery  
  24  2:35  Marine  
  25  2:38  SCV  
  26  2:50  SCV  
  27  2:53  Marine  
  27  2:54  Widow Mine  
  27  2:55  Starport  
  30  2:59  Orbital Command  
  30  3:09  SCV  
  32  3:14  Barracks Reactor  
  32  3:18  Liberator  
  31  3:21  SCV  
  31  3:23  Factory Tech Lab  
  31  3:26  SCV  
  33  3:33  SCV  
  34  3:40  SCV  
  38  3:42  Supply Depot  
  38  3:45  SCV  
  39  3:50  Marine  
  39  3:51  Marine  
  39  3:52  SCV  
  42  3:58  SCV  
  42  4:00  Command Center  
  43  4:05  Cyclone  
  46  4:11  Marine x2  
  43  4:25  Engineering Bay  
  43  4:28  SCV x2  
  43  4:29  Marine x2  
  45  4:44  SCV x2  
  44  4:58  Missile Turret  
  46  5:00  Missile Turret  
Show
View Real Time Build Order
Export as new Build Order

Miszu Terran 

Build Orders: 1/1/1 

Get SALT Encoding   

  12  0:00  SCV  
  13  0:13  SCV  
  14  0:21  Supply Depot  
  14  0:24  Refinery  
  14  0:35  SCV  
  15  0:44  Barracks  
  15  0:47  SCV  
  16  0:55  Refinery  
  16  0:59  SCV  
  17  1:11  SCV  
  18  1:23  SCV  
  19  1:33  Factory  
  19  1:34  Reaper  
  20  1:40  Orbital Command  
  20  1:56  Supply Depot  
  20  2:05  SCV  
  20  2:06  Reaper  
  22  2:18  Hellion  
  22  2:19  Starport  
  22  2:21  SCV  
  25  2:30  Supply Depot  
  25  2:33  SCV  
  26  2:38  Reaper  
  26  2:42  Hellion  
  29  2:46  SCV  
  30  2:53  Supply Depot  
  30  2:55  Medivac  
  32  3:04  Hellion  
  34  3:11  Barracks Tech Lab  
  34  3:29  Command Center  
  34  3:35  Viking  
  37  3:41  SCV  
  37  3:42  Barracks Reactor  
  37  3:48  Cyclone  
  40  3:59  SCV  
  41  4:06  Supply Depot  
  41  4:11  SCV  
  42  4:23  SCV  
  43  4:31  Command Center  
  43  4:35  SCV  
Tags
 
Add a new tag
Caveats
  • Supply blocks, unpowered buildings, or Contaminate may cause inaccurate times.
  • Supply counts are checked every 10 seconds.